 Dungeon Crawl Stone Soup version 0.22.1-1-ga44c0e5 (webtiles) character file.

4937 Irenicus the Cleaver (level 10, -1/127 HPs)
             Began as a Deep Dwarf Monk on Oct 7, 2018.
             Was an Elder of Makhleb.
             Killed by divine providence
             ... invoked by an orc priest
              (12 damage)
             ... on level 9 of the Dungeon on Oct 8, 2018.
             The game lasted 00:51:50 (5220 turns).

Irenicus the Cleaver (Deep Dwarf Monk)              Turns: 5220, Time: 00:51:50

Health: -1/127     AC:  9    Str: 27    XL:     10   Next: 28%
Magic:  8/8        EV: 18    Int: 13    God:    Makhleb [****..]
Gold:   630        SH:  0    Dex: 21    Spells: 9/9 levels left

rFire    . . .     SeeInvis .   a - +0 hand axe
rCold    . . .     Gourm    .   (no shield)
rNeg     . . .     Faith    .   E - +1 leather armour of Broken Taboos {rCorr Str+7 Dex-3} (curse)
rPois    +         Spirit   .   (no helmet)
rElec    .         Reflect  .   v - +2 cloak
rCorr    +         Harm     .   g - +0 pair of gloves
MR       +....                  r - +0 pair of boots of Gouken {Regen+ Int+2}
Stlth    ..........             (no amulet)
HPRegen  0.00/turn              h - +4 ring of dexterity
MPRegen  0.11/turn              F - ring of poison resistance {rPois, !d}

@: berserking, non-regenerating, very quick
A: damage resistance, heal wounds, thin skeletal structure 1, sense surroundings
2, subdued magic 1, no regeneration
a: Heal Wounds, Minor Destruction, Lesser Servant of Makhleb, Major Destruction,
Renounce Religion


You were on level 9 of the Dungeon.
You worshipped Makhleb.
Makhleb was greatly pleased with you.
You were not hungry.

You visited 2 branches of the dungeon, and saw 10 of its levels.
You also visited: Ossuary.

You collected 630 gold pieces.

Inventory:

Hand Weapons
 a - a +0 hand axe (weapon)
 j - a +0 hunting sling
   (You found it on level 1 of the Dungeon)
Missiles
 q - 19 sling bullets
Armour
 d - a +0 buckler
   (You took it off a gnoll sergeant on level 8 of the Dungeon)
 g - a +0 pair of gloves (worn)
   (You found it on level 1 of the Dungeon)
 r - the +0 pair of boots of Gouken (worn) {Regen+ Int+2}
   (You found it on level 7 of the Dungeon)

   It affects your intelligence (+2).
   It increases your rate of regeneration.
 v - a +2 cloak (worn)
   (You took it off Crazy Yiuf on level 6 of the Dungeon)
 E - the cursed +1 leather armour of Broken Taboos (worn) {rCorr Str+7 Dex-3}
   (You found it on level 5 of the Dungeon)

   It affects your strength (+7).
   It affects your dexterity (-3).
   It provides partial protection from all sources of acid and corrosion.
   It has a curse placed upon it.
Jewellery
 h - a +4 ring of dexterity (left hand)
   (You found it on level 6 of the Dungeon)
 m - a +2 ring of evasion
   (You found it on level 1 of the Dungeon)
 A - an uncursed ring of wizardry {Wiz+, !d}
   (You found it on level 5 of the Dungeon)
 F - a ring of poison resistance (right hand) {rPois, !d}
   (You found it on level 5 of the Dungeon)
Wands
 b - a wand of scattershot (4)
   (You took it off a hobgoblin on level 3 of the Dungeon)
 t - a wand of paralysis (1)
   (You found it on level 3 of the Dungeon)
 D - a wand of clouds (4)
   (You took it off an orc priest on level 6 of the Dungeon)
 H - a wand of acid (9)
   (You found it on level 7 of the Dungeon)
 I - a wand of random effects (17)
   (You found it on level 8 of the Dungeon)
Scrolls
 e - 3 scrolls of enchant weapon {unknown}
 f - 7 scrolls of teleportation {unknown}
 k - 3 scrolls of remove curse {unknown}
 n - 4 scrolls of amnesia {unknown}
 o - 2 scrolls of fog {unknown}
 w - 2 scrolls of identify
 y - a scroll of enchant armour {unknown}
 C - 2 scrolls of immolation {unknown}
Potions
 i - 7 potions of curing
 l - 2 potions of brilliance
 p - 2 potions of agility
 s - a potion of invisibility
 u - 4 potions of flight
 x - a potion of berserk rage {!q}
 z - a potion of cancellation
 B - 2 potions of resistance
 G - a potion of haste {unknown}
 J - a potion of might {unknown}
 K - a potion of heal wounds
Comestibles
 c - 17 rations


   Skills:
 + Level 3.8 Fighting
 - Level 14.0 Axes
 + Level 8.0 Dodging
 - Level 2.4 Stealth
 - Level 3.0 Evocations


You had 9 spell levels left.
You didn't know any spells.
Your spell library was empty.

Dungeon Overview and Level Annotations

Branches:
Dungeon (9/15)             Temple (1/1) D:6             Orc (0/2) D:9
   Lair: D:8-11

Altars:
Gozag
Hepliaklqana
Makhleb
Nemelex Xobeh
Qazlal
Trog
Uskayaw
Vehumet
Wu Jian
Yredelemnul
Zin

Shops:
D:4 *(*   D:6 %   D:7 :


Innate Abilities, Weirdness & Mutations

You are resistant to damage.
You can heal yourself by infusing magical energy.
You passively map the area around you.
You do not regenerate.
You have a somewhat thin skeletal structure. (Dex +2, Stealth)
Your spells are a little easier to cast, but a little less powerful.


Message History

The fireball explodes!
The fireball engulfs the hobgoblin.
You kill the hobgoblin!
Makhleb accepts your kill.
The fireball engulfs the goblin.
You kill the goblin!
Makhleb accepts your kill.
You feel better.
The fireball engulfs the orc warrior.
The fireball engulfs the orc priest.
You kill the orc priest!
Makhleb accepts your kill.
You feel better.
The fireball engulfs the orc.
You kill the orc!
Makhleb accepts your kill.
You feel better. The fireball engulfs you!
The fireball engulfs the warg.
The fireball engulfs the orc.
You kill the orc!
Makhleb accepts your kill.
You feel better.
An orc wizard comes into view. It is wielding a dagger.
You regained 8 hp, and now have 40/85 hp.
Aim: an orc priest, wielding a club The warg flickers and vanishes!
Something barely misses you. The orc warrior closely misses you.
An orc priest comes into view. It is wielding a flail of venom.
An adder skeleton comes into view.
Aim: an orc priest, wielding a club Nothing appears to happen.
Something bites you! x2
* * * LOW HITPOINT WARNING * * *
The orc warrior closely misses you.
The orc priest miscasts a cantrip.
You take 18 damage, and have 22/85 hp.
MASSIVE DAMAGE!!
Okay, then.
Really quaff
x - 2 potions of berserk rage {!q}?
A red film seems to cover your vision as you go berserk!
You feel yourself moving faster!
You feel mighty! Something barely misses you.
The orc hits you but does no damage.
The orc warrior hits you with a war axe!
* * * LOW HITPOINT WARNING * * *
A worker ant comes into view.
A jackal comes into view.
You now have 23/127 hp.
The worker ant twitches its antennae in your direction.
The jackal barks!
You hit something. You closely miss the orc. You hit the orc warrior.
You slash the orc!
You kill the orc!
Makhleb accepts your kill. Something bites you!
* * * LOW HITPOINT WARNING * * *
The orc barely misses you.
You take 9 damage, and have 14/127 hp.
You hit something. You completely miss the orc.
You hit the orc warrior but do no damage.
You slash the orc!
You kill the orc!
Makhleb accepts your kill.
You feel better. Something bites you.
* * * LOW HITPOINT WARNING * * *
The orc warrior closely misses you.
The orc priest looks satisfied for a moment.
You slash the orc!
You kill the orc!
Makhleb accepts your kill.
You feel better.
You slash something!
You hit the orc warrior but do no damage.
Something closely misses you.
The orc wizard gestures wildly while chanting.
The orc wizard seems to speed up.
You hear a bark!
You slash the orc warrior! You barely miss something. Something bites you!
* * * LOW HITPOINT WARNING * * *
You take 7 damage, and have 8/127 hp.
You barely miss the orc priest. You hit the orc warrior.
You barely miss the adder skeleton. You closely miss something.
Something barely misses you. The orc warrior misses you.
You hit the orc priest. You hit something. You slash the adder skeleton!
You closely miss the orc warrior.
The adder skeleton completely misses you.
You completely miss the orc priest. You slash the adder skeleton!
You destroy the adder skeleton!
Makhleb accepts your kill.
You feel better.
You hit the orc warrior. You miss something.
The orc priest hits you but does no damage.
You regained 2 hp, and now have 10/127 hp.
You barely miss the orc priest. You closely miss something.
You hit the orc warrior. You hit the jackal. Something bites you!
* * * LOW HITPOINT WARNING * * *
The orc warrior barely misses you.
You take 5 damage, and have 5/127 hp.
You slash the jackal!
You kill the jackal!
Makhleb accepts your kill.
You feel better.
You hit the orc warrior.
You kill the orc warrior!
Makhleb accepts your kill.
You feel better.
Your Dodging skill increases to level 8!
You miss something. You slash the orc priest! Something completely misses you.
The orc priest invokes the aid of Beogh against you.
Beogh smites you!
You die...

,, , ,,, ,, , , *
.###...... , , , ,,,
)......., ,* .
......., .. * ,, ..,
.o)..# ... ,, , , ,
#....*#....##... , ,
, , .....##.).......
** ,, ,,
,.......)oo.........
* ,
.....a.)@{o....... ,
, ,
#..!.##..##.....#
#.....#..##.....# ,
, ##...#.#..##.....#
,,, ,
,..........##.....#
, ,
.#####..#.##.....#
*** ,, *
##.#.#.<....#, * .
#.#.#......#, ,.###
#.#.#<..##.#, ,


You could see a worker ant, 2 orc priests, an orc wizard and an orc.

Vanquished Creatures
  3 hippogriffs
  5 yaks (D:9)
  A wyvern (D:8)
  A hungry ghost (D:7)
  Menkaure (D:7)
  Duvessa (D:4)
  3 orc warriors
  2 necrophages
  2 ogres
  An eye of draining (D:8)
  3 centaurs
  A gnoll sergeant (D:8)
  3 bullfrogs
  A wyvern zombie (D:6)
  Dowan (D:4)
  A scorpion (D:4)
  6 killer bees
  7 crimson imps
  A centaur zombie (D:9)
  A bullfrog skeleton (D:8)
  A centaur skeleton (D:9)
  5 orc priests
  3 hounds
  Crazy Yiuf (D:6)
  3 iguanas
  4 orc wizards
  6 worker ants
  A big kobold zombie (Ossuary)
  3 hound skeletons
  9 mummies
  9 gnolls
  12 adders
  4 shadow imps
  2 oozes
  3 adder skeletons
  2 adder zombies
  2 worms
  5 dart slugs
  9 leopard geckos
  34 orcs
  7 giant cockroaches
  8 goblins
  11 hobgoblins
  18 jackals
  9 kobolds
  3 quokkas
  12 bats
  7 frilled lizards
  A goblin zombie (D:4)
  3 hobgoblin zombies (Ossuary)
  3 kobold zombies (Ossuary)
  A leopard gecko zombie (D:8)
  2 orc zombies
  A quokka zombie (D:5)
  2 rats
251 creatures vanquished.

Notes
Turn   | Place    | Note
-------+----------+-------------------------------------------
     0 | D:1      | Irenicus the Deep Dwarf Monk began the quest for the Orb.
     0 | D:1      | Reached XP level 1. HP: 20/20 MP: 1/1
   107 | D:1      | Reached XP level 2. HP: 22/27 MP: 2/2
   108 | D:1      | Reached skill level 4 in Axes
   153 | D:1      | HP: 6/27 [hobgoblin (1)]
   184 | D:1      | Reached XP level 3. HP: 26/33 MP: 3/3
   321 | D:1      | Reached skill level 5 in Axes
   616 | D:2      | Reached XP level 4. HP: 17/40 MP: 4/4
   817 | D:2      | HP: 9/40 [dart slug/slug dart (6)]
   869 | D:3      | HP: 7/40 [jackal (1)]
   882 | D:3      | HP: 5/40 [adder (2)]
   893 | D:3      | Reached skill level 6 in Axes
   971 | D:3      | HP: 10/40 [orc (3)]
  1039 | D:3      | HP: 8/40 [adder (2)]
  1079 | D:3      | Reached XP level 5. HP: 10/46 MP: 5/5
  1309 | D:3      | HP: 9/46 [adder (1)]
  1413 | D:4      | Noticed an orc warrior
  1425 | D:4      | Killed an orc warrior
  1425 | D:4      | Reached skill level 7 in Axes
  1425 | D:4      | Reached skill level 2 in Evocations
  1427 | D:4      | HP: 6/46 [orc priest/nerve-wracking pain (6)]
  1433 | D:4      | Reached XP level 6. HP: 24/55 MP: 5/7
  1441 | D:4      | Found Kakhuseo's General Store.
  1454 | D:4      | Reached skill level 3 in Evocations
  1499 | D:4      | Noticed Duvessa
  1499 | D:4      | Noticed Dowan
  1523 | D:4      | Killed Dowan
  1555 | D:4      | Killed Duvessa
  1555 | D:4      | Reached skill level 8 in Axes
  1565 | D:4      | Found a sand-covered staircase.
  1616 | Ossuary  | Entered an ossuary
  1646 | Ossuary  | HP: 11/55 [mummy (9)]
  1657 | Ossuary  | Reached XP level 7. HP: 24/61 MP: 9/9
  1704 | Ossuary  | HP: 14/61 [mummy (6)]
  1767 | Ossuary  | HP: 12/61 [mummy (8)]
  1812 | Ossuary  | HP: 11/61 [mummy (7)]
  1910 | D:4      | Gained mutation: Your spells are a little easier to cast,
                  | but a little less powerful. [potion of mutation]
  1910 | D:4      | Gained mutation: You have a somewhat thin skeletal
                  | structure. (Dex +2, Stealth) [potion of mutation]
  1917 | D:4      | HP: 15/91 [orc/dagger (1)]
  1942 | D:4      | Found Gebuh's Antique Weapon Shop.
  1965 | D:4      | Found Lyshri's Assorted Antiques.
  1995 | D:4      | HP: 6/61 [iguana (10)]
  1996 | D:4      | Reached skill level 9 in Axes
  2196 | D:4      | HP: 15/61 [worker ant (3)]
  2231 | D:5      | Entered Level 5 of the Dungeon
  2342 | D:5      | Reached skill level 10 in Axes
  2363 | D:5      | HP: 15/61 [shadow imp (1)]
  2370 | D:5      | HP: 14/61 [hound skeleton (1)]
  2418 | D:6      | HP: 12/61 [shadow imp (2)]
  2444 | D:6      | HP: 9/61 [adder (3)]
  2450 | D:6      | HP: 7/61 [adder (2)]
  2469 | D:6      | Reached XP level 8. HP: 21/68 MP: 9/9
  2502 | D:6      | HP: 13/68 [bullfrog (6)]
  2509 | D:6      | HP: 8/68 [crimson imp (3)]
  2609 | D:6      | HP: 16/68 [wyvern zombie (3)]
  2613 | D:6      | Reached skill level 11 in Axes
  2621 | D:6      | HP: 12/68 [wyvern zombie (9)]
  2632 | D:6      | HP: 14/68 [wyvern zombie (13)]
  2635 | D:6      | HP: 2/68 [wyvern zombie (8)]
  2640 | D:6      | HP: 8/68 [wyvern zombie (8)]
  2645 | D:6      | HP: 13/68 [wyvern zombie (11)]
  2756 | D:6      | Found a staircase to the Ecumenical Temple.
  2761 | D:6      | Found Vahez's Food Shop.
  2766 | Temple   | Entered the Ecumenical Temple
  2804 | Temple   | Became a worshipper of Makhleb the Destroyer
  2804 | Temple   | Reached * piety under Makhleb
  2804 | Temple   | Reached ** piety under Makhleb
  2962 | D:5      | HP: 17/68 [shadow imp (5)]
  3117 | D:5      | Got a brightly glowing leather armour
  3128 | D:5      | Identified the cursed +1 leather armour of Broken Taboos
                  | {rCorr Str+7 Dex-3} (You found it on level 5 of the
                  | Dungeon)
  3287 | D:5      | HP: 14/68 [orc/club (4)]
  3314 | D:5      | HP: 14/68 [adder zombie (1)]
  3534 | D:6      | Found a runed door.
  3538 | D:6      | Noticed Crazy Yiuf
  3544 | D:6      | HP: 14/68 [Crazy Yiuf/quarterstaff of chaos (6)]
  3548 | D:6      | Killed Crazy Yiuf
  3602 | D:7      | Noticed a hippogriff
  3604 | D:7      | HP: 17/68 [hippogriff (2)]
  3609 | D:7      | HP: 10/68 [hippogriff (5)]
  3614 | D:7      | Killed a hippogriff
  3614 | D:7      | Reached skill level 12 in Axes
  3777 | D:7      | Got a pair of dazzling boots
  3783 | D:7      | Identified the +0 pair of boots of Gouken {Regen+ Int+2}
                  | (You found it on level 7 of the Dungeon)
  3927 | D:7      | Noticed Menkaure
  3936 | D:7      | Killed Menkaure
  3936 | D:7      | Gained mutation: You passively map the area around you.
                  | [Deep Dwarf growth]
  3936 | D:7      | Reached XP level 9. HP: 26/74 MP: 8/8
  3956 | D:7      | Found a hide-covered altar of Uskayaw.
  3978 | D:7      | HP: 18/74 [killer bee (4)]
  3983 | D:7      | HP: 17/74 [killer bee (4)]
  3992 | D:7      | HP: 15/74 [killer bee (3)]
  3995 | D:7      | HP: 6/74 [killer bee (5)]
  4027 | D:7      | HP: 11/74 [hungry ghost (2)]
  4033 | D:7      | Reached skill level 4 in Dodging
  4043 | D:7      | Found Laer's Book Shop.
  4149 | D:7      | HP: 17/74 [hippogriff (2)]
  4158 | D:7      | Reached skill level 13 in Axes
  4168 | D:7      | Reached *** piety under Makhleb
  4200 | D:7      | Found a bloodstained altar of Trog.
  4239 | D:7      | Reached skill level 5 in Dodging
  4676 | D:8      | Reached skill level 6 in Dodging
  4678 | D:8      | HP: 14/74 [ogre/giant club (13)]
  4775 | D:8      | Reached skill level 7 in Dodging
  4867 | D:8      | HP: 18/74 [wyvern (1)]
  4874 | D:8      | HP: 13/74 [wyvern (5)]
  4958 | D:9      | Reached XP level 10. HP: 41/81 MP: 9/9
  5062 | D:9      | HP: 16/81 [yak (8)]
  5077 | D:9      | HP: 15/82 [shot self (9)]
  5080 | D:9      | HP: 6/82 [yak (9)]
  5085 | D:9      | Reached skill level 3 in Fighting
  5090 | D:9      | Reached skill level 14 in Axes
  5094 | D:9      | HP: 21/84 [yak (6)]
  5102 | D:9      | HP: 7/84 [yak (5)]
  5105 | D:9      | HP: 1/84 [yak (6)]
  5181 | D:9      | Reached **** piety under Makhleb
  5211 | D:9      | HP: 23/127 [orc warrior/war axe (10)]
  5215 | D:9      | HP: 8/127 [something (7)]
  5220 | D:9      | Reached skill level 8 in Dodging
  5220 | D:9      | Killed from afar by an orc priest

Skill      XL: |  1  2  3  4  5  6  7  8  9 10 |
---------------+-------------------------------+-----
Axes           | 4 5 6 7 8 10 12 13 14 | 14.0
Evocations     | 2 3 |  3.0
Dodging        | 7 8 |  8.0
Fighting       | 3 |  3.8
Stealth        | |  2.4

Action                   |  1- 3 |  4- 6 |  7- 9 | 10-12 || total
-------------------------+-------+-------+-------+-------++-------
Melee: Hand axe          |   124 |   229 |   821 |   133 ||  1307
 Fire: Hunting sling     |    21 |    38 |    12 |       ||    71
Throw: Tomahawk          |       |       |     7 |       ||     7
 Abil: Heal Wounds       |     1 |     3 |    10 |     2 ||    16
Evoke: Wand              |       |     4 |    32 |     9 ||    45
  Use: Potion            |       |     7 |     8 |     1 ||    16
       Scroll            |       |     2 |     6 |       ||     8
 Stab: Invisible         |       |     7 |     7 |       ||    14
       Sleeping          |       |     5 |     7 |       ||    12
       Paralysed         |       |    21 |    16 |       ||    37
       Confused          |       |       |     1 |       ||     1
  Eat: Chunk             |       |     2 |    13 |     2 ||    17
       Ration            |       |       |     2 |       ||     2
Armor: Robe              |    41 |     7 |       |       ||    48
       Leather armour    |       |    19 |   133 |    15 ||   167
       Skin              |       |     9 |       |       ||     9
Dodge: Dodged            |   121 |   192 |   489 |    60 ||   862

Vault maps used:
D:1:      mrwooster_arrival_statue_2
D:3:      first_ration, nrook_mini_backslash, chequers_big_river
D:4:      serial_shops, nicolae_shop_trees,
          nicolae_shop_temple_entry_statues_fountains, nicolae_shop_statue_plus,
          nicolae_ossuary_entry_giza, uniq_duvessa
D:5:      palyth_stone_intersect
D:6:      temple_fountains, serial_shops, nicolae_shop_crystal,
          nrook_mini_vaults, uniq_crazy_yiuf_cottage
D:7:      lightli_temple_of_fire, serial_shops, shop, basic_altar,
          serial_co_window_serial, co_window_paths_a, co_window_paths_b,
          co_window_of_opportunity_a, co_window_paths_b, co_window_paths_b,
          co_window_paths_a, co_window_paths_b, co_window_of_opportunity_a,
          co_window_cross_1, co_window_corner_b, co_window_broadway_c,
          co_window_corner_cb, co_window_corner_b, co_window_unsneaky_path_e,
          co_window_of_opportunity_c, co_window_4corner_a, co_window_paths_d,
          uniq_menkaure
D:9:      erik_orc_4, serial_shops, shop, minivault_19, minmay_misc_feat_x
Temple:   roderic_octagonal_lattice_temple
Ossuary:  ossuary_tomb_3

Table legend:
 A = Turns spent in this place as a percentage of turns spent in the entire game.
 B = Non-inter-level travel turns spent in this place as a percentage of non-inter-level travel turns spent in the entire game.
 C = Inter-level travel turns spent in this place as a percentage of turns spent in this place.
 D = Turns resting spent in this place as a percentage of non-inter-level travel turns spent in this place.
 E = Turns spent auto-exploring this place as a percentage of non-inter-level travel turns spent in this place.
 F = Non-inter-level travel turns spent in this place divided by the number of levels of this place that you've seen.
                   A       B       C       D       E      F
               +-------+-------+-------+-------+-------+----------------------
         Total | 100.0 | 100.0 |   0.3 |   0.0 |   0.0 | 473.0
       Dungeon |  93.7 |  93.6 |   0.3 |   0.0 |   0.0 | 541.3
        Temple |   1.2 |   1.2 |   0.0 |   0.0 |   0.0 |  62.0
       Ossuary |   5.2 |   5.2 |   0.0 |   0.0 |   0.0 | 269.0
               +-------+-------+-------+-------+-------+----------------------

Table legend:
 A = Kills in this place as a percentage of kills in entire the game.
 B = Kills by you in this place as a percentage of kills by you in the entire game.
 C = Kills by friends in this place as a percentage of kills by friends in the entire game.
 D = Other kills in this place as a percentage of other kills in the entire game.
 E = Experience gained in this place as a percentage of experience gained in the entire game.
 F = Experience gained in this place divided by the number of levels of this place that you have seen.
                   A       B       C       D       E      F
               +-------+-------+-------+-------+-------+----------------------
         Total | 100.0 | 100.0 |   N/A |   N/A | 100.0 | 641.2
       Dungeon |  93.6 |  93.6 |   N/A |   N/A |  97.5 | 764.1
       Ossuary |   6.4 |   6.4 |   N/A |   N/A |   2.5 | 176.0
               +-------+-------+-------+-------+-------+----------------------
